 Dungeon Crawl Stone Soup version 0.22-a0-601-gb0ed703ee0 (webtiles) character file.

22283 PikkenKukken the Protected (level 13, -6/105 HPs)
             Began as a Formicid Fighter on July 6, 2018.
             Was an Elder of Qazlal.
             Mangled by a crocodile (15 damage)
             ... on level 5 of the Lair of Beasts.
             The game lasted 00:44:55 (15732 turns).

PikkenKukken the Protected (Formicid Fighter)      Turns: 15732, Time: 00:44:56

Health: -6/105     AC: 16    Str: 27    XL:     13   Next: 26%
Magic:  0/27       EV: 13    Int:  8    God:    Qazlal [****..]
Gold:   869        SH:  0    Dex: 16    Spells: 12/12 levels left

rFire    + . .     SeeInvis +   a - +1 hand axe of Sewom {chop, rC+ Str+3 Dex+4 Stlth+}
rCold    + . .     Gourm    .   (no shield)
rNeg     . . .     Faith    .   p - +0 plate armour
rPois    +         Spirit   +   (helmet unavailable)
rElec    .         Reflect  .   e - +0 cloak
rCorr    .         Harm     .   (no gloves)
MR       ++...                  (no boots)
Stlth    ..........             O - amulet of guardian spirit
HPRegen  0.27/turn              t - ring "Ront" {rPois rF+ MP+9}
MPRegen  0.20/turn              c - ring of protection from magic

@: sleeping, repel missiles
A: permanent stasis, dig shafts and tunnels, four strong arms, antennae 3
a: Dig, Shaft Self, Upheaval, Elemental Force, Renounce Religion


You were on level 5 of the Lair of Beasts.
You worshipped Qazlal.
Qazlal was greatly pleased with you.
You were hungry.

You visited 2 branches of the dungeon, and saw 15 of its levels.
You also visited: Sewer and Ossuary.

You collected 869 gold pieces.

Inventory:

Hand Weapons
 a - the +1 hand axe of Sewom (weapon) {chop, rC+ Str+3 Dex+4 Stlth+}
   (You found it on level 4 of the Dungeon)

   It inflicts extra damage upon your enemies.
   It affects your strength (+3).
   It affects your dexterity (+4).
   It protects you from cold.
   It makes you more stealthy.
 b - a +2 shortbow of freezing
 s - a +0 war axe
 v - a +2 hand axe of chopping
 w - a +0 shortbow
 D - a +1 battleaxe
 F - a +1 hand axe of electrocution
Missiles
 h - 207 arrows
 i - 68 bolts
Armour
 e - a +0 cloak (worn)
 p - a +0 plate armour (worn)
 q - a +1 chain mail of fire resistance
 E - a +1 chain mail of poison resistance
 M - a +1 cloak
Jewellery
 c - a ring of protection from magic (right hand)
 t - the ring "Ront" (left hand) {rPois rF+ MP+9}
   (You found it on level 5 of the Dungeon)

   [ring of protection from fire]

   It protects you from fire.
   It protects you from poison.
   It affects your magic capacity (+9).
 K - an uncursed ring of loudness
 L - an uncursed ring of fire
 O - an amulet of guardian spirit (around neck)
 Q - a +5 amulet of reflection
Wands
 o - a wand of polymorph (36)
 x - a wand of disintegration (6)
 B - a wand of iceblast (5)
 G - a wand of flame (28)
 H - a wand of scattershot (5)
 J - a wand of paralysis (10)
Scrolls
 d - 3 scrolls of remove curse
 g - 2 scrolls of amnesia
 j - 2 scrolls of enchant armour
 r - 4 scrolls of noise
 u - a scroll of fear
 y - a scroll of magic mapping
 z - 5 scrolls of identify
 I - 2 scrolls of enchant weapon
 N - a scroll of fog
Potions
 k - a potion of resistance
 l - 2 potions of agility
 m - 2 potions of flight
 n - 5 potions of curing
 A - 3 potions of invisibility
 C - a potion of cancellation
Comestibles
 f - 25 rations


   Skills:
 + Level 10.8 Fighting
 + Level 9.6 Axes
 + Level 6.7 Bows
 - Level 1.1 Throwing
 + Level 10.8 Armour
 + Level 8.7 Dodging
   Level 3.6 Shields
 + Level 7.2 Invocations


You had 12 spell levels left.
You didn't know any spells.
Your spell library contained the following spells:

 Spells                   Type           Power        Failure   Level  Hunger
 Cause Fear               Hex            #.........   100%        4    #####..
 Stone Arrow              Conj/Erth      #.....       100%        3    ####...
 Deflect Missiles         Chrm/Air       #.........   100%        6    #######
 Passwall                 Tmut/Erth      #.......     99%         2    ###....
 Silence                  Hex/Air        #.........   100%        5    ######.
 Lee's Rapid Deconstruct  Erth           #.........   100%        5    ######.
 Sandblast                Erth           #.....       98%         1    ##.....
 Petrify                  Tmut/Erth      #.......     100%        4    #####..
 Discord                  Hex            #.........   100%        8    #######
 Yara's Violent Unravell  Hex/Tmut       #.........   100%        5    ######.


Dungeon Overview and Level Annotations

Branches:
Dungeon (9/15)             Temple (0/1) D:4            Lair (6/6) D:9
  Swamp (0/4) Lair:2        Snake (0/4) Lair:3
  Slime: Lair:5-6       Orc: D:9-12

Altars:
Cheibriados
Dithmenos
Elyvilon
Fedhas
Gozag
Nemelex Xobeh
Okawaru
Qazlal
Trog
Uskayaw
Vehumet
Wu Jian
Xom
Zin
The Shining One

Shops:
D:4 (   D:7 :

Annotations:
D:3 3 runed doors, Zigma's ghost, amateur DrTm
D:9 1 runed door
Lair:1 exclusion: 3 oklob plants
Lair:3 exclusion: oklob plant


Innate Abilities, Weirdness & Mutations

You cannot be hasted, slowed, berserked, paralysed or teleported.
You can dig through walls and to a lower floor.
Your four strong arms can wield two-handed weapons with a shield.
You have a pair of large antennae on your head. (SInv)


Message History

The dream sheep misses you. The dream sheep bites you.
* * * LOW HITPOINT WARNING * * *
The crocodile barely misses you. The dream sheep closely misses you.
The crocodile barely misses you. The dream sheep bites you.
* * * LOW HITPOINT WARNING * * *
Unknown command.
The dream sheep shake their wool and sparkle.
You feel drowsy...
You fall asleep.
The dream sheep is struck by lightning.
You kill the dream sheep!
Qazlal accepts your kill. The dream sheep barely misses you.
The crocodile is struck by lightning.
You kill the crocodile!
Qazlal accepts your kill.
The dream sheep is engulfed in blazing flames.
You kill the dream sheep!
Qazlal accepts your kill. The crocodile bites you!!
You die...

## .. #.###.. ## .......
#.#....... ###
##.........
#..##..Y.......
#....#§§.#....
..####..§§§......
........P..#t@.......
.......P......†§.......
#..........##.§..§......
..P..........#..........
..P...#.................
.PPP....................
.#P.....................
............†...........
........................


You could see a crocodile and a dream sheep.

Vanquished Creatures
  Gastronok (D:9)
  2 hydras (Lair:3)
  Erolcha (D:8)
  9 spiny frogs
  A rime drake (Lair:5)
  5 komodo dragons
  A polar bear (Lair:4)
  5 hippogriffs
  4 dream sheep (Lair:5)
  Sigmund (D:3)
  A spriggan (Lair:4)
  A wyvern (D:9)
  20 yaks
  2 basilisks (D:9)
  Grum (D:9)
  A hungry ghost (D:6)
  A human (D:7)
  4 hogs (D:7)
  2 steam dragons
  4 nagas (Lair:3)
  5 insubstantial wisps (Lair:2)
  4 water moccasins
  6 porcupines
  8 orc warriors
  2 sky beasts
  An ice beast (D:9)
  2 black bears (D:7)
  5 ogres
  6 wolves
  4 centaurs
  9 crocodiles
  2 big kobolds
  7 bullfrogs
  An elf zombie (Ossuary)
  A water moccasin zombie (D:6)
  2 scorpions
  3 wights (D:9)
  9 killer bees
  An electric eel (Lair:2)
  A howler monkey (D:4)
  6 crimson imps
  5 centaur zombies (Ossuary)
  2 hounds
  A jelly (D:6)
  6 orc priests
  An iguana (D:9)
  10 orc wizards
  7 worker ants
  A hound zombie (D:6)
  2 mummies (Ossuary)
  11 adders
  3 gnolls (D:6)
  2 river rats (Sewer)
  3 adder zombies (Ossuary)
  5 worms
  6 dart slugs
  12 leopard geckos
  60 orcs
  3 ball pythons
  8 bats
  13 giant cockroaches
  6 goblins
  5 hobgoblins
  9 jackals
  13 kobolds
  4 quokkas
  2 frilled lizards
  11 hobgoblin zombies (Ossuary)
  3 jackal zombies
  11 kobold zombies (Ossuary)
  A leopard gecko skeleton (D:6)
  A leopard gecko zombie (D:5)
  4 orc zombies (Ossuary)
  A quokka zombie (D:8)
  14 rats
  A rat zombie (Ossuary)
  2 bushes (Lair:3)
  3 fungi
  4 plants
408 creatures vanquished.

Vanquished Creatures (others)
  A hippogriff (Lair:6)
  7 fungi
8 creatures vanquished.

Grand Total: 416 creatures vanquished

Notes
Turn   | Place    | Note
-------+----------+-------------------------------------------
     0 | D:1      | PikkenKukken the Formicid Fighter began the quest for the Orb.
     0 | D:1      | Reached XP level 1. HP: 18/18 MP: 1/1
   128 | D:1      | Reached XP level 2. HP: 23/24 MP: 2/2
   403 | D:1      | Reached XP level 3. HP: 29/29 MP: 3/3
   473 | D:1      | Reached skill level 1 in Throwing
   952 | D:2      | Reached skill level 1 in Dodging
  1095 | D:2      | Reached XP level 4. HP: 35/37 MP: 4/4
  1284 | D:2      | Found a glowing silver altar of Zin.
  1492 | D:2      | Found an ornate altar of the Wu Jian Council.
  1612 | D:3      | Noticed Sigmund
  1625 | D:2      | Reached XP level 5. HP: 35/42 MP: 5/5
  2039 | D:3      | Killed Sigmund
  2039 | D:3      | Reached XP level 6. HP: 28/49 MP: 6/6
  2094 | D:3      | Found a glowing drain.
  2128 | Sewer    | Entered a sewer
  2140 | Sewer    | Reached XP level 7. HP: 32/55 MP: 7/7
  2313 | Sewer    | Reached skill level 5 in Fighting
  2313 | Sewer    | Reached skill level 5 in Armour
  2337 | Sewer    | Found a white marble altar of Elyvilon.
  2413 | D:3      | Found a runed gate.
  2415 | D:3      | Found a runed gate.
  2416 | D:3      | Found a runed gate.
  2418 | D:3      | Noticed Zigma's ghost (amateur DrTm)
  2432 | D:3      | Found a shadowy altar of Dithmenos.
  2434 | D:3      | Found a snail-covered altar of Cheibriados.
  2651 | D:3      | Found a stormy altar of Qazlal.
  2672 | D:3      | Found a blossoming altar of Fedhas.
  2676 | D:3      | Became a worshipper of Qazlal Stormbringer
  3244 | D:4      | Found a staircase to the Ecumenical Temple.
  3508 | D:4      | Found Eqeil's Antique Weapon Boutique.
  3568 | D:4      | Reached XP level 8. HP: 59/63 MP: 8/8
  3588 | D:4      | Got a slimy hand axe
  3589 | D:4      | Identified the cursed +1 hand axe of Sewom {chop, rC+ Str+3 Dex+4 Stlth+} (You found it on level 4 of the Dungeon)
  3670 | D:5      | Entered Level 5 of the Dungeon
  3708 | D:5      | Got a clouded turquoise ring
  3709 | D:5      | Identified the ring "Ront" {rPois rF+ MP+9} (You found it on level 5 of the Dungeon)
  4020 | D:5      | Found a glowing golden altar of the Shining One.
  4050 | D:5      | Reached * piety under Qazlal
  5260 | D:5      | Reached skill level 5 in Axes
  5336 | D:6      | Reached skill level 1 in Bows
  5643 | D:6      | Found a snail-covered altar of Cheibriados.
  5674 | D:6      | Reached XP level 9. HP: 67/71 MP: 9/9
  5789 | D:6      | Found a white marble altar of Elyvilon.
  6220 | D:6      | Found an iron altar of Okawaru.
  6525 | D:7      | Reached skill level 5 in Dodging
  6618 | D:7      | Found Saptetag's Book Shop.
  6710 | D:7      | Found a sparkling altar of Nemelex Xobeh.
  6726 | D:7      | Reached ** piety under Qazlal
  6799 | D:7      | Found a sand-covered staircase.
  6804 | Ossuary  | Entered an ossuary
  6936 | Ossuary  | Reached *** piety under Qazlal
  6995 | Ossuary  | Reached XP level 10. HP: 75/79 MP: 10/10
  7868 | D:7      | Reached **** piety under Qazlal
  8050 | D:7      | Found a bloodstained altar of Trog.
  8170 | D:8      | Found a hide-covered altar of Uskayaw.
  8206 | D:8      | Found a blossoming altar of Fedhas.
  8489 | D:8      | Found a shimmering altar of Xom.
  8579 | D:8      | Found a radiant altar of Vehumet.
  8838 | D:9      | Noticed Erolcha
  8855 | D:8      | Killed Erolcha
  8991 | D:9      | Noticed Grum
  9013 | D:9      | Killed Grum
  9042 | D:9      | Reached XP level 11. HP: 35/87 MP: 11/11
  9210 | D:9      | Reached skill level 1 in Invocations
  9858 | D:9      | Got a jewelled scale mail
  9869 | D:9      | Identified the +1 scale mail of the Saviour {rCorr} (You took it off an orc on level 9 of the Dungeon)
 10497 | D:9      | Noticed Gastronok
 10518 | D:9      | Killed Gastronok
 10518 | D:9      | Reached skill level 5 in Bows
 10736 | D:9      | Found an opulent altar of Gozag.
 10796 | D:9      | Found a runed door.
 10976 | D:9      | Found a staircase to the Lair.
 11225 | Lair:1   | Entered Level 1 of the Lair of Beasts
 11711 | Lair:1   | Noticed an oklob plant
 11712 | Lair:1   | Noticed an oklob plant
 11744 | Lair:1   | Noticed an oklob plant
 11851 | Lair:1   | Reached XP level 12. HP: 82/96 MP: 15/15
 12545 | Lair:2   | Reached skill level 5 in Invocations
 12678 | Lair:2   | Reached skill level 10 in Armour
 12699 | Lair:2   | Reached skill level 10 in Fighting
 12762 | Lair:2   | Found a staircase to the Swamp.
 13859 | Lair:3   | Found a staircase to the Snake Pit.
 13875 | Lair:3   | Reached ***** piety under Qazlal
 13918 | Lair:3   | HP: 3/97 [porcupine (6)]
 14287 | Lair:3   | Noticed a five-headed hydra
 14326 | Lair:3   | Killed a five-headed hydra
 15162 | Lair:4   | Noticed an eight-headed hydra
 15176 | Lair:3   | Reached XP level 13. HP: 102/104 MP: 17/17
 15202 | Lair:3   | Killed an eight-headed hydra
 15647 | Lair:4   | You fall through a shaft for 2 floors!
 15647 | Lair:6   | Entered Level 6 of the Lair of Beasts
 15732 | Lair:5   | Mangled by a crocodile

Vault maps used:
D:1:      lemuel_arrival_rhombus
D:2:      zin_scriptorium, lemuel_tele_altar
D:3:      grunt_temple_overflow_forces_of_nature, minitemple,
          portal_sewer_entry_f, gammafunk_ghost_necromancy, uniq_sigmund
D:4:      temple_doors_e, first_ration, serial_shops, shop
D:5:      tso_metal_star, minmay_misc_feat_enclosed, minmay_crystal_room
D:6:      kennysheep_mini, old_standard_altar, basic_altar, minivault_22
D:7:      trog_ov_bears_minmay, old_standard_altar, serial_shops,
          nicolae_shop_stone, enter_ossuary_5, grunt_livestock
D:8:      old_standard_altar, lemuel_doored_altar, kennysheep_mini_moat,
          fedhas_bush_and_centaur_altar
D:9:      erik_lair_dragon, special_room, basic_altar, minmay_statues_item,
          minmay_st_funbox, minmay_misc_feat_chi, small_statue_intersection,
          minivault_10, uniq_erolcha, uniq_gastronok, uniq_grum
Lair:1:   grunt_forest_stairs_basic, disabler_island, serial_bayou_shore_b,
          lemuel_fruit_tree
Lair:2:   minmay_swamp_entry_wisps, infiniplex_staircase_pool
Lair:3:   minmay_snake_entry_guardpost_medium, minmay_hedge_maze,
          beast_lair_carwin_11, minmay_lair_oklob_chamber
Lair:4:   grunt_forest_large_clearing_hut, serial_bayou_shore_b,
          grunt_megastairs_2
Lair:6:   cheibrodos_lair_end_hotspot, dpeg_slime_entry_corner
Sewer:    sewer_kobolds
Ossuary:  ossuary_tomb_1

Skill      XL: |  1  2  3  4  5  6  7  8  9 10 11 12 13 |
---------------+----------------------------------------+-----
Throwing       | 1 |  1.1
Dodging        | 1 2 3 4 5 6 7 8 |  8.7
Armour         | 4 5 6 7 8 9 10 | 10.8
Fighting       | 4 5 6 7 8 9 10 | 10.8
Axes           | 3 4 5 6 7 8 9 |  9.6
Bows           | 1 3 4 5 6 |  6.7
Invocations    | 4 6 7 |  7.2
Shields        | |  3.6

Action                   |  1- 3 |  4- 6 |  7- 9 | 10-12 | 13-15 || total
-------------------------+-------+-------+-------+-------+-------++-------
Melee: War axe           |    72 |   146 |   110 |       |       ||   328
       Hand axe          |       |       |   365 |   786 |    52 ||  1203
 Fire: Shortbow          |       |       |       |   124 |     7 ||   131
Invok: Upheaval          |       |       |       |     3 |     3 ||     6
       Disaster Area     |       |       |       |       |     1 ||     1
  Use: Scroll            |     4 |     2 |     7 |     8 |       ||    21
       Potion            |     4 |     2 |     2 |     4 |       ||    12
  Eat: Chunk             |     1 |     3 |    14 |     9 |     1 ||    28
       Ration            |       |       |     2 |     5 |       ||     7
Armor: Scale mail        |    39 |   110 |    56 |       |       ||   205
       Chain mail        |       |       |    46 |       |       ||    46
       Plate armour      |       |       |   118 |   325 |    78 ||   521
Dodge: Dodged            |    41 |   138 |   229 |   330 |    72 ||   810
       Deflected         |       |       |       |    15 |       ||    15
Block: Other             |       |       |    18 |   153 |    34 ||   205

Table legend:
 A = Spawn XP
 B = Non-spawn XP
 C = Spawn XP percentage of total XP
 D = Spawn monster count
 E = Non-spawn monster count
 F = Spawn count percentage of total count
 G = Total turns spent on level
                    A         B        C        D         E        F      G
               +---------+---------+-------+---------+---------+-------+---------
         Total |       0 |   31834 |   0.0 |       0 |     400 |   0.0 | 15732
               +---------+---------+-------+---------+---------+-------+---------
           D:1 |       0 |      57 |   0.0 |       0 |      28 |   0.0 |   949
           D:2 |       0 |     172 |   0.0 |       0 |      32 |   0.0 |  1006
           D:3 |       0 |     296 |   0.0 |       0 |      28 |   0.0 |   811
           D:4 |       0 |     350 |   0.0 |       0 |      16 |   0.0 |   648
           D:5 |       0 |     514 |   0.0 |       0 |      22 |   0.0 |  1295
           D:6 |       0 |    1104 |   0.0 |       0 |      26 |   0.0 |  1514
           D:7 |       0 |    2705 |   0.0 |       0 |      44 |   0.0 |  1417
           D:8 |       0 |    1194 |   0.0 |       0 |       8 |   0.0 |   933
           D:9 |       0 |    7008 |   0.0 |       0 |      66 |   0.0 |  2134
        Lair:1 |       0 |    2704 |   0.0 |       0 |      12 |   0.0 |  1182
        Lair:2 |       0 |    3561 |   0.0 |       0 |      16 |   0.0 |  1155
        Lair:3 |       0 |    7300 |   0.0 |       0 |      32 |   0.0 |  1751
        Lair:4 |       0 |    1662 |   0.0 |       0 |       6 |   0.0 |   334
        Lair:5 |       0 |    2530 |   0.0 |       0 |      12 |   0.0 |    75
        Lair:6 |       0 |     142 |   0.0 |       0 |       1 |   0.0 |    10
         Sewer |       0 |     144 |   0.0 |       0 |      12 |   0.0 |   258
       Ossuary |       0 |     391 |   0.0 |       0 |      39 |   0.0 |   260
               +---------+---------+-------+---------+---------+-------+---------
